 Dungeon Crawl Stone Soup version 0.30-a0-591-g3c58d2bc28 (webtiles) character file.

Game seed: 5827659835064583855

928 Oxelix the Cleaver (level 7, -11/59 HPs)
             Began as a Minotaur Berserker on Jan 6, 2023.
             Was an Elder of Trog.
             Mangled by a komodo dragon (13 damage)
             ... on level 6 of the Dungeon.
             The game lasted 00:06:58 (3915 turns).

Oxelix the Cleaver (Minotaur Berserker)             Turns: 3915, Time: 00:06:58

Health: -11/59     AC: 14    Str: 24    XL:     7   Next: 85%
Magic:  6/6        EV:  7    Int:  4    God:    Trog [****..]
Gold:   167        SH:  0    Dex:  9    Spells: 6/6 levels left

rFire   + . .      SeeInvis .    A - +0 war axe
rCold   . . .      Faith    .    (no shield)
rNeg    + . .      Spirit   .    F - +0 plate armour
rPois   .          Reflect  .    r - +0 hat
rElec   .          Harm     .    f - +0 cloak
rCorr   .          Rampage  .    v - +0 pair of gloves
Will    .....                    (no boots) Stlth
                                 (no amulet)
HPRegen 0.29/turn                k - ring of protection from fire
MPRegen 0.10/turn                t - ring of positive energy

@: on berserk cooldown, slowed, very slow
A: horns 2, retaliatory headbutt
a: Renounce Religion, Berserk, Trog's Hand, Brothers in Arms


You were on level 6 of the Dungeon.
You worshipped Trog.
Trog was greatly pleased with you.
You visited 1 branch of the dungeon, and saw 6 of its levels.
You also visited: Sewer.

You collected 293 gold pieces.
You spent 126 gold pieces at shops.

Inventory:

Hand Weapons
 a - a +0 hand axe
 A - a +0 war axe (weapon)
Missiles
 e - 4 javelins
 n - 3 boomerangs (quivered)
Armour
 f - a +0 cloak (worn)
 r - a +0 hat (worn)
 v - a +0 pair of gloves (worn)
 F - a +0 plate armour (worn)
Jewellery
 k - a ring of protection from fire (left hand)
 t - a ring of positive energy (right hand)
Wands
 D - a wand of roots (10)
Scrolls
 b - a scroll of fear {unknown}
 c - 2 scrolls of poison {unknown}
 d - 3 scrolls of immolation
 g - 10 scrolls of identify
 i - 5 scrolls of teleportation
 j - a scroll of amnesia {unknown}
 q - 6 scrolls of fog {unknown}
 u - a scroll of vulnerability {unknown}
 x - a scroll of blinking
 y - 3 scrolls of enchant weapon {unknown}
 z - a scroll of noise {unknown}
 B - a scroll of summoning {unknown}
 C - a scroll of enchant armour {unknown}
 G - a scroll of torment {unknown}
Potions
 h - 2 potions of heal wounds {unknown}
 l - 2 potions of might {unknown}
 m - 3 potions of curing {unknown}
 o - a potion of lignification {unknown}
 p - 4 potions of haste {unknown}
 s - 2 potions of cancellation {unknown}
 w - 2 potions of flight {unknown}
 E - a potion of attraction {unknown}


   Skills:
 + Level 4.2 Fighting
 - Level 10.7 Axes
 * Level 3.9 Armour
 - Level 2.1 Dodging


You had 6 spell levels left.
You didn't know any spells.
Your spell library was empty.

Dungeon Overview and Level Annotations

Branches:
Dungeon (6/15)              Sewer (visited)
 Temple: D:4-7

Altars:
Dithmenos
Gozag
Hepliaklqana
Nemelex Xobeh
Qazlal
Uskayaw
Xom

Shops:
D:4 *


Innate Abilities, Weirdness & Mutations

You have a pair of horns on your head.
You reflexively headbutt those who attack you in melee.


Message History

Beogh smites you!
The necrophage hits you but does no damage.
The orc hits you but does no damage.
You slash the necrophage!
The necrophage is severely damaged.
The orc hits you but does no damage.
The orc priest calls down the wrath of Beogh upon you.
Beogh smites you!
* * * LOW HITPOINT WARNING * * *
The necrophage hits you but does no damage.
You closely miss the necrophage. Your headbutt misses the necrophage.
You punch the necrophage.
The necrophage is severely damaged.
You slice the necrophage!!
You destroy the necrophage!
Trog accepts your kill. The orc hits you but does no damage.
You closely miss the orc. Your headbutt misses the orc.
Your punch misses the orc.
The orc hits you from afar with a +0 trident!
* * * LOW HITPOINT WARNING * * *
You closely miss the komodo dragon. You headbutt the komodo dragon!
The komodo dragon is moderately wounded.
You barely miss the komodo dragon.
The komodo dragon is moderately wounded.
The orc hits you from afar with a +0 trident.
* * * LOW HITPOINT WARNING * * *
The komodo dragon bites you but does no damage.
You slash the komodo dragon! Your headbutt misses the komodo dragon.
The komodo dragon is heavily wounded.
You are no longer berserk.
You are exhausted.
You feel yourself slow down.
The orc hits you from afar with a +0 trident.
* * * LOW HITPOINT WARNING * * *
An orc comes into view. It is wielding a +0 mace.
You closely miss the komodo dragon.
The komodo dragon is heavily wounded.
The komodo dragon bites you!
You die...

#..........#
#(.........######
#..........'....#
###........####.#
#........<..#
#########.#)#
#.......#.#
#.#######.#
....:..@#
########lo.....


oo..... ....... ....... ....... ....... o...... You could see a komodo dragon
and 4 orcs.

Vanquished Creatures
  Sigmund (D:4)
  2 centaurs (D:5)
  A necrophage (D:6)
  A scorpion (D:5)
  A vampire bat (D:5)
  2 howler monkeys
  A hound (D:5)
  A hell rat (Sewer)
  3 adders
  4 gnolls (D:4)
  4 river rats
  A shadow imp (D:5)
  An ufetubus (D:4)
  A worm (D:2)
  4 dart slugs
  3 fire bats (D:5)
  20 orcs
  2 spectral bats (D:5)
  14 bats
  3 bat skeletons (D:5)
  A bat zombie (D:5)
  4 endoplasms
  6 giant cockroaches
  8 goblins
  10 hobgoblins
  2 jackals (D:5)
  5 kobolds
  5 quokkas
  5 ball pythons
  A bat simulacrum (D:5)
  5 frilled lizards
  12 rats
134 creatures vanquished.

Notes
Turn   | Place    | Note
-------+----------+-------------------------------------------
     0 | D:1      | Oxelix the Minotaur Berserker began the quest for the Orb.
     0 | D:1      | Reached XP level 1. HP: 19/19 MP: 0/0
    31 | D:1      | Reached skill level 4 in Axes
   254 | D:1      | Reached XP level 2. HP: 26/26 MP: 1/1
   438 | D:1      | Found a faded altar of an unknown god.
   790 | D:1      | Reached skill level 5 in Axes
   870 | D:2      | Reached XP level 3. HP: 30/31 MP: 2/2
  1075 | D:2      | Reached ** piety under Trog
  1564 | D:3      | Reached skill level 6 in Axes
  1564 | D:3      | Reached XP level 4. HP: 39/39 MP: 3/3
  2159 | D:3      | Found a stormy altar of Qazlal.
  2183 | D:4      | Found Jomete's General Store.
  2194 | D:4      | Bought a scroll of blinking for 90 gold pieces
  2194 | D:4      | Bought a scroll of teleportation for 36 gold pieces
  2235 | D:4      | Found a glowing golden altar of the Shining One.
  2237 | D:4      | Found a hide-covered altar of Uskayaw.
  2237 | D:4      | Found a shimmering altar of Xom.
  2242 | D:4      | Found a hazy altar of Hepliaklqana.
  2242 | D:4      | Found an opulent altar of Gozag.
  2242 | D:4      | Found a shimmering altar of Xom.
  2375 | D:4      | Reached skill level 7 in Axes
  2375 | D:4      | Reached XP level 5. HP: 39/45 MP: 4/4
  2395 | D:4      | Reached *** piety under Trog
  2933 | D:4      | Noticed Sigmund
  2940 | D:4      | Killed Sigmund
  2941 | D:4      | Reached skill level 8 in Axes
  2941 | D:4      | Reached XP level 6. HP: 51/51 MP: 5/5
  2992 | D:5      | Entered Level 5 of the Dungeon
  3025 | D:5      | Reached skill level 9 in Axes
  3117 | D:5      | Reached XP level 7. HP: 57/57 MP: 6/6
  3186 | D:5      | Reached skill level 10 in Axes
  3186 | D:5      | Found a shadowy altar of Dithmenos.
  3504 | D:5      | Found a glowing drain.
  3510 | D:5      | Reached **** piety under Trog
  3517 | Sewer    | Entered a sewer
  3756 | D:5      | Found a sparkling altar of Nemelex Xobeh.
  3886 | D:6      | Noticed a komodo dragon
  3914 | D:6      | HP: 2/59 [orc/+0 trident (5)]
  3915 | D:6      | Mangled by a komodo dragon

Illustrated notes

Levels and vault maps discovered:
D:1:      spicycebolla_green_bress_n_ham_2, layout_loops_ring,
          shapermc_ecumenical_altar_notcrosses
D:2:      layout_rooms, minmay_pentomino_q4
D:3:      layout_loops_ring, mainiacjoe_overflow_alcove_4
D:4:      layout_gridville, doesnt_xom_only_xom, serial_shops, shop,
          uniq_sigmund
D:5:      layout_rooms, nicolae_dithmenos_the_darkroom, kennysheep_little_box,
          portal_sewer_entry_b, goddamned_bats
D:6:      layout_basic

Skill      XL: |  1  2  3  4  5  6  7 |
---------------+----------------------+-----
Axes           | 4 5 6 7 8 9 10 | 10.7
Armour         | 3 |  3.9
Fighting       | 4 |  4.2
Dodging        | |  2.1

Action                   |  1- 3 |  4- 6 |  7- 9 || total
-------------------------+-------+-------+-------++-------
Melee: Hand axe          |    83 |    65 |       ||   148
       Headbutt          |     9 |    13 |    16 ||    38
       Punch             |     1 |       |     1 ||     2
       War axe           |       |    43 |    84 ||   127
Throw: Boomerang         |    18 |       |       ||    18
       Javelin           |     3 |       |       ||     3
Invok: Berserk           |       |     2 |     2 ||     4
  Use: Scroll            |     1 |       |       ||     1
 Stab: Sleeping          |     1 |       |       ||     1
Armor: Animal skin       |     7 |       |       ||     7
       Scale mail        |    22 |    59 |    14 ||    95
       Plate armour      |       |       |    34 ||    34
Dodge: Dodged            |    56 |    77 |    45 ||   178

Table legend: (Time is in decaauts)
 A = Elapsed time spent in this place.
 B = Non-inter-level travel time spent in this place.
 C = Inter-level travel time spent in this place.
 D = Time resting spent in this place.
 E = Time spent auto-exploring this place.
 F = Levels seen in this place.
 G = Mean time per level.
                   A        B        C        D        E       F      G
               +--------+--------+--------+--------+--------+-----+--------+
         Total |   3961 |   3819 |    142 |    182 |   2704 |   7 |  565.9 |
       Dungeon |   3817 |   3675 |    142 |    182 |   2648 |   6 |  636.2 |
         Sewer |    143 |    143 |      0 |      0 |     56 |   1 |  143.0 |
               +--------+--------+--------+--------+--------+-----+--------+

Top non-repeatable levels by time:
     D:4: 831 daAuts
     D:1: 820 daAuts
     D:3: 804 daAuts
     D:5: 747 daAuts
     D:2: 563 daAuts
   Sewer: 143 daAuts
     D:6: 49 daAuts
